AoeStats
← |F*ck!n| nanO''

Arabia

509612150Analyzed
1v1 RM · 5d ago on Sep 27, 2026· 55m 0s· 2 players
Game mode
Random Map
Map size
Tiny (2 player)
Population
200
Speed
Normal
Resources
Standard
Victory
Conquest
Starting age
Dark Age
Ending age
Imperial Age
RankedLock teamsTeams togetherTeam positionsShared explorationLock speedFull tech treeHidden civsTurbo modeCheats
Victory
Defeat
🇪🇸 Gurjaras · Spain
684
+17
🇳🇱 Varangians · Netherlands
698
-17
|F*ck!n| nanO''
10:57 Feudal Age
11:57 Double-Bit Axe
13:04 Horse Collar
16:00 Loom
18:17 Castle Age
18:44 Stone Mining
19:36 Wheelbarrow
23:47 Bloodlines
24:16 Hand Cart
24:07 Husbandry
30:10 Kshatriyas
32:44 Gold Mining
38:18 Imperial Age
38:50 Elite Chakram Thrower
40:41 Conscription
41:55 Frontier Guards
43:23 Elite Shrivamsha Rider
45:12 Town Watch
48:21 Ballistics
49:02 Chemistry
48:27 Scale Barding Armor
48:33 Forging
48:14 Fletching
48:25 Padded Archer Armor
51:17 Siege Elephant
53:38 Chain Barding Armor
El Sullan
9:33 Feudal Age
7:49 Loom
10:07 Double-Bit Axe
18:40 Castle Age
19:39 Gold Mining
20:43 Bow Saw
21:05 Fletching
22:07 Wheelbarrow
22:50 Stone Mining
25:51 Hand Cart
26:10 Bodkin Arrow
27:44 Ballistics
32:58 Horse Collar
38:12 Imperial Age
35:48 Padded Archer Armor
36:56 Forging
36:54 Scale Barding Armor
38:05 Bloodlines
38:09 Husbandry
39:27 Conscription
38:40 Cranequins
39:40 Leather Archer Armor
40:27 Chain Barding Armor
40:33 Heavy Plow
Connection lost

Rejoining the realm…

Still unreachable

The connection could not be restored.

Session expired

The server has moved on; the page needs a fresh start.